[Event "Titled Tuesday Blitz December 27 Early 2022"]
[White "Mitrovic, Darko R"]
[Black "Berezin, Viktor"]
[WhiteFideId "927023"]
[BlackFideId "14107872"]
[WhiteElo "2220"]
[BlackElo "2307"]
[Result "0-1"]
[Round "04"]
[TimeControl "180+2"]
[Date "2022.12.27"]
[WhiteClock "0:00:08"]
[BlackClock "0:00:17"]

1. d4 Nf6 2. Nf3 g6 3. g3 Bg7 4. Bg2 O-O 5. O-O d6 6. c4 Nc6 7. Nc3 a6 8. e4 Bg4 9. h3 Bxf3 10. Bxf3 e5 11. d5 Nd4 12. Bg2 c5 13. dxc6 bxc6 14. Be3 Nd7 15. b3 a5 16. Na4 Rb8 17. c5 Nxc5 18. Nxc5 dxc5 19. Rc1 Qd6 20. Qd2 Rfd8 21. Kh2 Qe7 22. Qxa5 Bf8 23. Bxd4 Rxd4 24. Qc3 Rbd8 25. Bf3 Rd3 26. Qc4 Rxf3 27. Kg2 Rfd3 28. a4 R3d4 29. Qc2 c4 30. bxc4 Qc5 31. Rfe1 Rd2 32. Re2 Rxc2 33. Rcxc2 Ra8 34. Ra2 Qxc4 35. a5 Bb4 36. a6 Rxa6 37. Rxa6 Qxa6 38. Rc2 Qd3 39. Ra2 Qxe4+ 40. Kh2 Qd5 41. Re2 f5 42. h4 e4 43. Kg2 e3+ 44. f3 Bd2 45. h5 c5 46. hxg6 hxg6 47. Kh3 Qxf3 48. Rh2 Qh5+ 49. Kg2 Qxh2+ 50. Kxh2 e2 51. Kg2 e1=Q 52. Kf3 Qe4+ 53. Kf2 Be1+ 54. Kf1 c4 55. g4 fxg4 56. Kg1 g3 57. Kf1 Qf3+ 58. Kxe1 Qf2+ 59. Kd1 g2 60. Kc1 g1=Q# 0-1


[Site "https://www.chess.com"]

[Event "Titled Tuesday Blitz December 27 Early 2022"]
[White "Mohammadian, Mohammad"]
[Black "Rose, Felix"]
[WhiteFideId "12566055"]
[BlackFideId "5105722"]
[WhiteElo "1398"]
[BlackElo "2091"]
[Result "0-1"]
[Round "04"]
[TimeControl "180+2"]
[Date "2022.12.27"]
[WhiteClock "0:00:01"]
[BlackClock "0:00:26"]

1. e4 e5 2. Nf3 Nc6 3. Bb5 a6 4. Ba4 Nf6 5. O-O Be7 6. Re1 b5 7. Bb3 d6 8. h3 Na5 9. Nc3 O-O 10. d3 Bb7 11. Bg5 Nxb3 12. axb3 h6 13. Bh4 c5 14. Bg3 b4 15. Ne2 Re8 16. Qd2 Nh5 17. Bh2 Bf8 18. Kh1 Qf6 19. Ng3 Nf4 20. Nf5 g6 21. Bxf4 exf4 22. Qxf4 gxf5 23. exf5 Bxf3 24. Qxf3 Qxb2 25. Rac1 Qf6 26. g4 Bg7 27. Kg2 Qh4 28. Re4 Qg5 29. Rce1 Be5 30. Qe2 Red8 31. Qf3 a5 32. R4e2 Qf4 33. Qxf4 Bxf4 34. Re7 Be5 35. Rb7 a4 36. bxa4 Rxa4 37. f4 Bxf4 38. Ree7 Rf8 39. Kf3 Be5 40. Ke2 Ra2 41. Kd1 Ra1+ 42. Ke2 Rh1 43. Red7 Rh2+ 44. Kf3 Rxh3+ 45. Kg2 Rg3+ 46. Kf2 Rxg4 47. Kf3 Rf4+ 48. Ke3 Rxf5 49. Kd2 Bc3+ 0-1


[Site "https://www.chess.com"]

[Event "Titled Tuesday Blitz December 27 Early 2022"]
[White "Morefield, Jason"]
[Black "Sreyas Payyappat"]
[WhiteFideId "30920825"]
[BlackFideId "46674969"]
[WhiteElo "2167"]
[BlackElo "2076"]
[Result "1-0"]
[Round "04"]
[TimeControl "180+2"]
[Date "2022.12.27"]
[WhiteClock "0:00:28"]
[BlackClock "0:00:06"]

1. a3 e5 2. e4 Nf6 3. Nc3 Bc5 4. Nf3 d5 5. exd5 e4 6. Ng5 Bxf2+ 7. Kxf2 Ng4+ 8. Kg1 Qxg5 9. h3 Nf6 10. d3 Qe5 11. dxe4 Nxe4 12. Nxe4 Qxe4 13. d6 c5 14. Bg5 O-O 15. Qd2 Be6 16. Re1 Qc6 17. c4 Nd7 18. Kh2 Rfe8 19. Bf4 Rad8 20. Be2 Qb6 21. Qc3 f6 22. Bf3 Ne5 23. Bxe5 fxe5 24. Qxe5 Bf7 25. Qf4 Rxe1 26. Rxe1 Rxd6 27. Re7 Bg6 28. Bd5+ Rxd5 29. cxd5 h6 30. Qe5 Qf6 31. Qxf6 gxf6 32. d6 Kf8 33. Re6 Kf7 34. d7 Kxe6 35. d8=Q 1-0


[Site "https://www.chess.com"]

[Event "Titled Tuesday Blitz December 27 Early 2022"]
[White "Moroni, Luca Jr"]
[Black "Firouzja, Alireza"]
[WhiteFideId "865834"]
[BlackFideId "12573981"]
[WhiteElo "2535"]
[BlackElo "2785"]
[Result "1/2-1/2"]
[Round "04"]
[TimeControl "180+2"]
[Date "2022.12.27"]
[WhiteClock "0:00:20"]
[BlackClock "0:00:07"]

1. d4 Nf6 2. Nf3 g6 3. Bf4 Bg7 4. Nc3 d5 5. Nb5 Na6 6. h3 O-O 7. e3 c6 8. Nc3 b6 9. Be2 Bb7 10. O-O Nb8 11. a4 a5 12. Rb1 Na6 13. Be5 Nb4 14. Re1 Bc8 15. Qd2 Bh6 16. Bd3 Nxd3 17. cxd3 Nh5 18. Bh2 f6 19. b4 e6 20. Rec1 axb4 21. Rxb4 Rf7 22. Qb2 Ra6 23. g4 Ng7 24. Ne2 Bd7 25. Rb1 b5 26. axb5 cxb5 27. Nc3 Ne8 28. Nxb5 Bf8 29. Rb3 h5 30. g5 e5 31. dxe5 fxg5 32. Nbd4 Bxh3 33. Rb8 Qd7 34. e6 Rxe6 35. Nxe6 Rxf3 36. Nxf8 Qg4+ 37. Bg3 h4 38. Rxe8 Rxg3+ 39. fxg3 Qxg3+ 40. Kh1 Qf3+ 41. Kh2 Qg3+ 42. Kh1 Qf3+ 43. Kh2 Qg3+ 44. Kh1 1/2-1/2


[Site "https://www.chess.com"]

[Event "Titled Tuesday Blitz December 27 Early 2022"]
[White "Movahed, Sina"]
[Black "Xiong, Jeffery"]
[WhiteFideId "42520835"]
[BlackFideId "2047640"]
[WhiteElo "2340"]
[BlackElo "2692"]
[Result "1-0"]
[Round "04"]
[TimeControl "180+2"]
[Date "2022.12.27"]
[WhiteClock "0:00:42"]
[BlackClock "0:00:01"]

1. Nf3 c5 2. e4 d6 3. d4 cxd4 4. Nxd4 Nf6 5. Nc3 a6 6. Bg5 Nbd7 7. Bc4 Qb6 8. Bb3 e6 9. Qd2 Nc5 10. f3 Bd7 11. O-O-O h5 12. Kb1 Rc8 13. Rhe1 Be7 14. f4 Nxb3 15. axb3 Bc6 16. e5 dxe5 17. fxe5 Ng8 18. Rf1 Qc7 19. Qf4 Bxg5 20. Qxg5 Rh7 21. Qf4 Qe7 22. Nxc6 Rxc6 23. Ne4 f6 24. Nd6+ Kf8 25. Qe4 Rh6 26. h3 h4 27. Rf3 f5 28. Qd4 g5 29. Qa7 Rc7 30. Qb8+ 1-0


[Site "https://www.chess.com"]

[Event "Titled Tuesday Blitz December 27 Early 2022"]
[White "Nguyen Hong Nhung"]
[Black "Levitan, Caleb Levi"]
[WhiteFideId "12412201"]
[BlackFideId "14332620"]
[WhiteElo "2003"]
[BlackElo "2129"]
[Result "1-0"]
[Round "04"]
[TimeControl "180+2"]
[Date "2022.12.27"]
[WhiteClock "0:00:33"]
[BlackClock "0:00:02"]

1. e4 c5 2. Nc3 e6 3. f4 d5 4. Bb5+ Bd7 5. Bxd7+ Qxd7 6. Nf3 Nc6 7. O-O Be7 8. d3 d4 9. Ne2 Nf6 10. Ng3 O-O 11. Ne5 Qc7 12. Nxc6 Qxc6 13. f5 e5 14. Nh5 Nxh5 15. Qxh5 c4 16. Bg5 Bxg5 17. Qxg5 f6 18. Qh5 cxd3 19. cxd3 Qb5 20. Rf3 Qxb2 21. Raf1 Qxa2 22. Rh3 h6 23. Rg3 Qd2 24. Rd1 Qf4 25. Rf1 Qd2 26. Qg6 Rf7 27. Rf2 Qe1+ 28. Rf1 Qd2 29. h4 1-0


[Site "https://www.chess.com"]

[Event "Titled Tuesday Blitz December 27 Early 2022"]
[White "Odegov, Artem"]
[Black "Stork, Oliver"]
[WhiteFideId "34183644"]
[BlackFideId "12955728"]
[WhiteElo "2261"]
[BlackElo "2342"]
[Result "0-1"]
[Round "04"]
[TimeControl "180+2"]
[Date "2022.12.27"]
[WhiteClock "0:00:07"]
[BlackClock "0:00:08"]

1. d4 Nf6 2. c4 g6 3. Nc3 c5 4. d5 Bg7 5. e4 O-O 6. f4 d6 7. Nf3 e6 8. Be2 exd5 9. cxd5 Nbd7 10. O-O Re8 11. Nd2 a6 12. a4 Rb8 13. Qc2 Qc7 14. Re1 c4 15. Nxc4 b5 16. axb5 axb5 17. e5 bxc4 18. exf6 Nxf6 19. h3 Bf5 20. Qd1 Ne4 21. Nxe4 Bxe4 22. Kh2 c3 23. bxc3 Bxc3 24. Bd2 Bxa1 25. Qxa1 Qc2 26. Qd4 Qc5 27. Qxc5 dxc5 28. d6 Red8 29. Ba5 Rd7 30. Bc7 Rb2 31. Bf1 Bf5 32. Kg1 Be6 33. Ba6 c4 34. Bc8 c3 35. Bxd7 Bxd7 36. Rc1 c2 37. Kf2 Bf5 38. Ke3 Kf8 39. g4 Bd7 40. Kd2 Ba4 41. f5 gxf5 42. gxf5 Ke8 43. Ba5 Rb1 44. Bc3 Kd7 45. Be5 Rxc1 46. Kxc1 Kc6 47. Kd2 Kd5 48. Bf4 Ke4 49. Bh6 Kxf5 50. Ke2 Kg6 51. Bf4 Kh5 52. Kd2 Kh4 53. Kc3 Kxh3 54. Kb4 Bd7 55. Kb3 Bf5 56. d7 Bxd7 57. Kxc2 Kg4 58. Bh6 Kf3 59. Kd2 f5 60. Ke1 Bb5 61. Bg5 f4 62. Bh6 Kg3 63. Bg5 f3 64. Be7 f2+ 65. Kd2 f1=Q 66. Bd6+ Kg2 67. Kc3 Qd3+ 68. Kb4 Qxd6+ 69. Ka5 Qd4 70. Kxb5 Kf3 71. Ka6 Ke4 72. Kb5 Kd5 73. Ka6 Qb4 74. Ka7 Kc6 75. Ka8 Qb7# 0-1


[Site "https://www.chess.com"]

[Event "Titled Tuesday Blitz December 27 Early 2022"]
[White "Omariev, Maksim"]
[Black "Sailer, Mike"]
[WhiteFideId "4193423"]
[BlackFideId "2012901"]
[WhiteElo "2304"]
[BlackElo "2109"]
[Result "1-0"]
[Round "04"]
[TimeControl "180+2"]
[Date "2022.12.27"]
[WhiteClock "0:00:06"]
[BlackClock "0:00:04"]

1. g4 d5 2. Bg2 e6 3. d4 Bd6 4. h4 c6 5. Nd2 Nd7 6. Ndf3 b6 7. c3 Bb7 8. Nh3 Qc7 9. Be3 Ne7 10. Qd2 h5 11. gxh5 Rxh5 12. Bf4 Nf5 13. Bxd6 Qxd6 14. Nf4 Rh8 15. O-O-O O-O-O 16. Kb1 Kb8 17. h5 c5 18. Ng5 Qe7 19. Nf3 cxd4 20. cxd4 Rc8 21. e3 Nf6 22. Ne5 Ne4 23. Qe2 Rc7 24. Rc1 Rhc8 25. Nfd3 Rxc1+ 26. Rxc1 Rxc1+ 27. Kxc1 Qg5 28. f4 Qe7 29. Bxe4 dxe4 30. Nf2 f6 31. Ng6 Qb4 32. Nd1 Bd5 33. a3 Qb3 34. Qc2 Qa2 35. Kd2 Bb3 36. Nc3 Bxc2 37. Nxa2 Bb3 38. Nc3 Kc7 39. Nxe4 Kd7 40. Nc3 Ng3 41. Kd3 Nxh5 42. Nh4 Ng3 43. Nb5 a6 44. Nc3 Nf5 45. Nxf5 exf5 46. e4 fxe4+ 47. Kxe4 Ke6 48. f5+ Kf7 49. Ne2 g6 50. fxg6+ Kxg6 51. Nf4+ Kg5 52. d5 f5+ 53. Ke5 Kg4 54. d6 Ba4 55. b3 Bd7 56. a4 a5 57. Nd5 b5 58. axb5 Bxb5 59. Nf6+ Kg5 60. d7 Bxd7 61. Nxd7 f4 62. Ke4 Kg4 63. Ne5+ Kg3 64. Nf3 Kf2 65. Kxf4 Ke2 66. Ke4 Kd1 67. Kd3 Kc1 68. Kc3 Kb1 69. Nd4 Ka2 70. Nc6 Ka3 71. Nxa5 1-0


[Site "https://www.chess.com"]

[Event "Titled Tuesday Blitz December 27 Early 2022"]
[White "Ordekalog"]
[Black "Slade, Theodore"]
[BlackFideId "426547"]
[WhiteElo "2826"]
[BlackElo "1995"]
[Result "0-1"]
[Round "04"]
[TimeControl "180+2"]
[Date "2022.12.27"]
[WhiteClock "0:00:35"]
[BlackClock "0:01:41"]

1. e4 e5 2. Nf3 Nc6 3. Bb5 Nf6 4. d3 Bc5 5. c3 O-O 6. Bg5 h6 7. Bh4 Be7 8. O-O d6 9. Nbd2 Nh5 10. Bxe7 Qxe7 11. d4 Qf6 12. Bxc6 bxc6 13. dxe5 dxe5 14. Nc4 Rd8 15. Qe2 Bg4 16. Ne3 Nf4 17. Qc4 Bxf3 18. gxf3 Qg5+ 19. Kh1 Qh5 20. Ng2 Qxf3 21. Rg1 Nh3 22. Rae1 Nxf2# 0-1


[Site "https://www.chess.com"]

[Event "Titled Tuesday Blitz December 27 Early 2022"]
[White "Oro, Faustino"]
[Black "Fernandez Garcia, Gumersindo"]
[WhiteFideId "20000197"]
[BlackFideId "24516740"]
[WhiteElo "2269"]
[BlackElo "2160"]
[Result "1-0"]
[Round "04"]
[TimeControl "180+2"]
[Date "2022.12.27"]
[WhiteClock "0:00:05"]
[BlackClock "0:00:05"]

1. e4 c5 2. Nf3 e6 3. d4 cxd4 4. Nxd4 Nf6 5. Nc3 Nc6 6. Nxc6 bxc6 7. e5 Nd5 8. Ne4 Qc7 9. f4 Qb6 10. c4 Bb4+ 11. Ke2 f5 12. Nf2 Ne7 13. Be3 Bc5 14. Bxc5 Qxc5 15. Kf3 g5 16. Qd6 g4+ 17. Ke2 Qxc4+ 18. Nd3 Ba6 19. Kd2 Nd5 20. Qc5 Qxc5 21. Nxc5 Bxf1 22. Rhxf1 Rb8 23. b3 Ke7 24. Nd3 h5 25. Rac1 h4 26. Rc5 Rb7 27. Rfc1 Ra8 28. Ra5 a6 29. Rc4 Rb5 30. Rca4 Rxa5 31. Rxa5 Kd8 32. b4 Kc7 33. a3 Kb6 34. Kc2 Ne3+ 35. Kc3 Nxg2 36. Kd4 h3 37. Nf2 Nxf4 38. Ke3 Nd5+ 39. Ke2 Rg8 40. Nh1 Nf4+ 41. Kf2 Nd3+ 42. Ke3 Ne1 43. Kf2 Nc2 44. Ng3 Nd4 45. Nh5 Nb5 46. Nf6 f4 47. Nxg8 Nc3 48. Nf6 Ne4+ 49. Nxe4 g3+ 50. hxg3 h2 51. Kg2 fxg3 52. Nxg3 h1=Q+ 53. Kxh1 1-0


[Site "https://www.chess.com"]

[Event "Titled Tuesday Blitz December 27 Early 2022"]
[White "Orozbaev, Eldiar"]
[Black "Flynn, Jacob"]
[WhiteFideId "13802240"]
[BlackFideId "2509393"]
[WhiteElo "2235"]
[BlackElo "2102"]
[Result "1-0"]
[Round "04"]
[TimeControl "180+2"]
[Date "2022.12.27"]
[WhiteClock "0:01:45"]
[BlackClock "0:00:59"]

1. e4 e5 2. Nf3 Nc6 3. d4 exd4 4. c3 Qe7 5. Bd3 d5 6. O-O dxe4 7. Bxe4 dxc3 8. Nxc3 Be6 9. Qa4 Bd7 10. Re1 O-O-O 11. Bxc6 Bxc6 12. Qxa7 Qc5 13. Qa8+ Kd7 14. Ne5+ Qxe5 15. Qxd8+ Kxd8 16. Rxe5 Bd6 17. Re1 Ne7 18. Ne4 Bb4 19. Bd2 Bxd2 20. Nxd2 Nf5 21. Ne4 Kc8 22. Rad1 Re8 23. Ng3 Rxe1+ 24. Rxe1 Nd6 25. Nh5 g6 26. Nf6 Nc4 27. b3 Nb6 28. Re7 Nd5 29. Rxf7 1-0


[Site "https://www.chess.com"]

[Event "Titled Tuesday Blitz December 27 Early 2022"]
[White "Orujov, Elshad"]
[Black "Jiganchine, Roman"]
[WhiteFideId "13403540"]
[BlackFideId "2603667"]
[WhiteElo "2304"]
[BlackElo "2205"]
[Result "1-0"]
[Round "04"]
[TimeControl "180+2"]
[Date "2022.12.27"]
[WhiteClock "0:00:52"]
[BlackClock "0:00:01"]

1. e4 c6 2. d4 d5 3. Nc3 dxe4 4. Nxe4 Nf6 5. Nxf6+ exf6 6. Be3 Bd6 7. Bd3 Na6 8. Ne2 Nc7 9. c4 O-O 10. Qc2 g6 11. O-O Re8 12. Nc3 Ne6 13. Rad1 a5 14. g3 Kg7 15. d5 cxd5 16. Nxd5 Bd7 17. Nb6 Qe7 18. Nxa8 Rxa8 19. Be4 Nc5 20. Bg2 Rc8 21. Qd2 Ne4 22. Bxe4 Qxe4 23. Qd5 Qg4 24. Qxd6 Bc6 25. Rd5 Qxc4 26. Rc5 Qe4 27. Rxc6 Rxc6 28. Qd4 Qe6 29. Bd2 b5 30. Bc3 1-0


[Site "https://www.chess.com"]

[Event "Titled Tuesday Blitz December 27 Early 2022"]
[White "Orzech, Dominik"]
[Black "Estrada Nieto, Julian"]
[WhiteFideId "1115065"]
[BlackFideId "5101018"]
[WhiteElo "2308"]
[BlackElo "2215"]
[Result "1-0"]
[Round "04"]
[TimeControl "180+2"]
[Date "2022.12.27"]
[WhiteClock "0:01:27"]
[BlackClock "0:00:11"]

1. e4 e5 2. Nf3 Nc6 3. Bc4 Bc5 4. O-O Nf6 5. d4 Bxd4 6. Nxd4 Nxd4 7. f4 d6 8. Nc3 Be6 9. Bd3 c6 10. fxe5 dxe5 11. Bg5 Qb6 12. Kh1 O-O-O 13. Na4 Qa5 14. c3 Nb5 15. b4 Qc7 16. Qe2 Bg4 17. Qe3 Qd6 18. Bxb5 cxb5 19. Nc5 Kb8 20. a4 bxa4 21. Rxa4 b6 22. Bxf6 gxf6 23. Na6+ Kb7 24. h3 Bd7 25. Ra3 Bb5 26. Rfa1 Ra8 27. Qf2 Rhg8 28. Qa2 Qe6 29. Nc5+ bxc5 30. Rxa7+ Rxa7 31. Qxa7+ Kc6 32. Qxc5+ Kb7 33. Ra7+ Kb8 34. Qc7# 1-0


[Site "https://www.chess.com"]

[Event "Titled Tuesday Blitz December 27 Early 2022"]
[White "Osiecki, Stanislaw"]
[Black "Roy Chowdhury, Saptarshi"]
[WhiteFideId "1102990"]
[BlackFideId "5002974"]
[WhiteElo "2055"]
[BlackElo "2273"]
[Result "0-1"]
[Round "04"]
[TimeControl "180+2"]
[Date "2022.12.27"]
[WhiteClock "0:00:02"]
[BlackClock "0:01:11"]

1. e4 b6 2. d4 Bb7 3. Nc3 e6 4. Nf3 d6 5. Bd3 Nd7 6. O-O g6 7. Bg5 Ne7 8. h4 h6 9. Bf4 Bg7 10. Qe2 a6 11. a4 O-O 12. Qe3 Kh7 13. Rfe1 e5 14. Bg3 Nc6 15. d5 Ne7 16. h5 Nf6 17. hxg6+ fxg6 18. Nh4 Ng4 19. Qd2 h5 20. Nf3 Bh6 21. Qe2 Bc8 22. Bh4 Qe8 23. Bg5 Bg7 24. Bh4 Kh8 25. Ng5 Bf6 26. f3 Nh6 27. Qe3 Neg8 28. Rf1 Nf7 29. Nxf7+ Qxf7 30. Bxf6+ Qxf6 31. Ne2 g5 32. Ng3 h4 33. Nf5 Nh6 34. Nxh6 Qxh6 35. Kf2 Bd7 36. Rh1 Kg7 37. Ke2 Rf7 38. g4 Raf8 39. Rh3 a5 40. Bb5 Bc8 41. c4 Rf4 42. Rf1 Qf6 43. Kd2 Bxg4 0-1


[Site "https://www.chess.com"]

[Event "Titled Tuesday Blitz December 27 Early 2022"]
[White "Ovchinnikov, Vsevolod"]
[Black "Pakleza, Zbigniew"]
[WhiteFideId "24176842"]
[BlackFideId "1119290"]
[WhiteElo "2426"]
[BlackElo "2494"]
[Result "1/2-1/2"]
[Round "04"]
[TimeControl "180+2"]
[Date "2022.12.27"]
[WhiteClock "0:00:10"]
[BlackClock "0:00:07"]

1. d4 d6 2. Nf3 Bg4 3. Nbd2 Nf6 4. h3 Bh5 5. g4 Bg6 6. Nh4 e6 7. Nxg6 hxg6 8. Bg2 c6 9. c3 d5 10. e4 Be7 11. Qb3 Qb6 12. Qxb6 axb6 13. e5 Nfd7 14. f4 b5 15. Nb3 Nb6 16. a3 Nc4 17. Rf1 f5 18. exf6 gxf6 19. Rf2 Nd7 20. Re2 Kf7 21. Kd1 f5 22. Kc2 Nd6 23. Be3 Ne4 24. Rg1 Ndf6 25. Bf1 fxg4 26. hxg4 Rh4 27. Reg2 Bd6 28. Be2 Rh3 29. Bc1 b6 30. Nd2 Rah8 31. Nf3 Kg7 32. Be3 Rh1 33. Bc1 Rxg1 34. Rxg1 Rh3 35. Rg2 Rh1 36. Ne5 Bxe5 37. fxe5 Nh7 38. g5 Kf7 39. Bf4 Ke7 40. Bd3 Rh4 41. Bc1 c5 42. Bxb5 c4 43. Ba4 Nf8 44. Kb1 Rh1 45. Bc2 Nh7 46. Bxe4 dxe4 47. Kc2 Nf8 48. Re2 Rh4 49. Rf2 Nh7 50. Bf4 Rg4 51. Kd2 Nxg5 52. Bxg5+ Rxg5 53. Ke3 Rg4 54. Rf4 Rg2 55. Kxe4 Rxb2 56. Rg4 Rb3 57. Rxg6 Rxc3 58. d5 exd5+ 59. Kxd5 b5 60. Rb6 Rb3 61. Rb7+ Kf8 62. e6 Rd3+ 63. Ke5 c3 64. Rxb5 c2 65. Rc5 Re3+ 66. Kf6 Rf3+ 67. Ke5 Re3+ 68. Kd6 Rd3+ 69. Kc6 Rd2 70. a4 Ke7 71. a5 Kxe6 72. a6 Rd6+ 73. Kb5 Rd5 74. Rxd5 Kxd5 75. a7 c1=Q 76. a8=Q+ Kd4 77. Qd8+ Ke4 78. Qe7+ Kd3 79. Qd6+ Kc2 80. Qc5+ Kb1 81. Qb4+ Qb2 82. Qxb2+ Kxb2 1/2-1/2


[Site "https://www.chess.com"]

[Event "Titled Tuesday Blitz December 27 Early 2022"]
[White "Ozen, Bahadir"]
[Black "Moskvin, Anatoly"]
[WhiteFideId "6337058"]
[BlackFideId "24199990"]
[WhiteElo "2369"]
[BlackElo "2189"]
[Result "1-0"]
[Round "04"]
[TimeControl "180+2"]
[Date "2022.12.27"]
[WhiteClock "0:00:11"]
[BlackClock "0:00:04"]

1. g3 g6 2. Bg2 Bg7 3. Nf3 d5 4. O-O Nf6 5. d3 O-O 6. Nbd2 Nbd7 7. e4 e5 8. b4 a5 9. bxa5 Rxa5 10. Bb2 Re8 11. Re1 dxe4 12. dxe4 Qe7 13. Nc4 Qb4 14. Nxa5 Qxb2 15. Qd2 Qa3 16. Nc4 Qa4 17. Nb2 Qa3 18. Nd3 b6 19. Qb4 Qxb4 20. Nxb4 Bb7 21. Nd2 Nc5 22. f3 Bh6 23. Rad1 Ra8 24. Bf1 Ra4 25. c3 Bf8 26. Bb5 Ra3 27. Nb1 Ra5 28. Bc6 Bxc6 29. Nxc6 Rxa2 30. Nxe5 h5 31. Rd2 Ra1 32. Kf1 Nb3 33. Rd8 Kg7 34. Nd2 Nxd2+ 35. Rxd2 Ra3 36. Rd3 Bc5 37. Nc6 Rb3 38. e5 Ne8 39. f4 Kf8 40. Ra1 Ng7 41. Ra8+ Ne8 42. Rxe8+ Kxe8 43. Rd8# 1-0


[Site "https://www.chess.com"]

[Event "Titled Tuesday Blitz December 27 Early 2022"]
[White "Palacio,Igor Da Paz"]
[Black "Tworuszka, Michal"]
[WhiteFideId "2121140"]
[BlackFideId "1117858"]
[WhiteElo "2172"]
[BlackElo "2260"]
[Result "0-1"]
[Round "04"]
[TimeControl "180+2"]
[Date "2022.12.27"]
[WhiteClock "0:00:01"]
[BlackClock "0:00:03"]

1. e4 c5 2. Nc3 Nc6 3. g3 g6 4. Bg2 Bg7 5. d3 e6 6. Be3 d6 7. f4 Nge7 8. Nf3 Nd4 9. O-O O-O 10. e5 Nef5 11. Bf2 Nxf3+ 12. Qxf3 Nd4 13. Qd1 dxe5 14. fxe5 Bxe5 15. Ne4 Bg7 16. c3 Nc6 17. Bxc5 Re8 18. Nd6 Re7 19. Nxc8 Rxc8 20. Bxe7 Qxe7 21. d4 h5 22. Bxc6 Rxc6 23. Qe2 Qd7 24. Rf2 Rc7 25. Raf1 Qd6 26. Rf3 a5 27. Qb5 Qd8 28. Qxa5 Qc8 29. Qb5 h4 30. Qg5 hxg3 31. Qxg3 Rd7 32. Qf2 Qc7 33. a3 Re7 34. Rh3 e5 35. Qh4 exd4 36. cxd4 Qd7 37. Rd1 Qd5 38. Rhd3 Re4 39. Qg3 Qd7 40. h3 Bxd4+ 41. Kf1 Qf5+ 42. Rf3 Qb5+ 0-1


[Site "https://www.chess.com"]

[Event "Titled Tuesday Blitz December 27 Early 2022"]
[White "Papasimakopoulos, Alexandros"]
[Black "Svane, Rasmus"]
[WhiteFideId "4244125"]
[BlackFideId "4657101"]
[WhiteElo "2401"]
[BlackElo "2623"]
[Result "0-1"]
[Round "04"]
[TimeControl "180+2"]
[Date "2022.12.27"]
[WhiteClock "0:00:09"]
[BlackClock "0:00:09"]

1. d4 Nf6 2. c4 e6 3. Nc3 Bb4 4. Qc2 d5 5. cxd5 exd5 6. Bg5 h6 7. Bh4 Nc6 8. e3 g5 9. Bg3 h5 10. Bb5 h4 11. Be5 O-O 12. Bxc6 bxc6 13. h3 Ne4 14. Ne2 Ba6 15. f3 Nd6 16. Kf2 Qe8 17. Rag1 f6 18. Bh2 Nc4 19. e4 dxe4 20. fxe4 f5 21. e5 f4 22. a3 Bxc3 23. Nxc3 Ne3 24. Qe4 Bc4 25. Rc1 Rb8 26. b4 a5 27. Nd1 axb4 28. axb4 Rxb4 29. Re1 Bd5 30. Qd3 Nxg2 31. Re2 Kg7 32. Rec2 Ne3 33. Nxe3 fxe3+ 34. Kg1 Rb3 35. Rc3 Rxc3 36. Qxc3 Rf3 37. Re1 Qf7 38. Qd3 Kh6 39. Rxe3 Rf2 40. Re1 Rg2+ 41. Kh1 Rd2+ 42. Qe4 Bxe4+ 43. Rxe4 Qf3+ 44. Kg1 Qg2# 0-1


[Site "https://www.chess.com"]

[Event "Titled Tuesday Blitz December 27 Early 2022"]
[White "Peatman, Carter"]
[Black "Wickramasinghe, Minethma Lasandi"]
[WhiteFideId "2096480"]
[BlackFideId "9966170"]
[WhiteElo "1998"]
[BlackElo "1483"]
[Result "1-0"]
[Round "04"]
[TimeControl "180+2"]
[Date "2022.12.27"]
[WhiteClock "0:00:13"]
[BlackClock "0:00:08"]

1. d4 Nf6 2. Bf4 e6 3. e3 c5 4. Nd2 d5 5. c3 Nc6 6. Ngf3 Bd6 7. Bg3 O-O 8. Bd3 Re8 9. Ne5 Qc7 10. f4 Nd7 11. Bxh7+ Kf8 12. Qh5 Nf6 13. Qh3 b6 14. Bd3 cxd4 15. exd4 Bb7 16. Bh4 Ke7 17. Qg3 Rg8 18. O-O Rae8 19. Rae1 Kd8 20. Ndf3 Kc8 21. Ng5 Nd8 22. a4 g6 23. Qf2 Rh8 24. Ngxf7 Nxf7 25. Bxf6 Rhg8 26. Re3 g5 27. fxg5 Nxg5 28. Bxg5 Rxg5 29. Rfe1 Reg8 30. Rg3 Rxg3 31. hxg3 Qg7 32. Re3 Rf8 33. Rf3 Rg8 34. Rf7 Qxg3 35. Qxg3 Rxg3 36. Be2 Re3 37. Bg4 Bxe5 38. Bxe6+ Kd8 39. dxe5 Bc6 40. Rf5 Ke7 41. Bg8 Re2 42. b3 Bd7 43. Rh5 Rb2 44. Bxd5 Rb1+ 45. Kf2 Rb2+ 46. Kf3 Rb1 47. Rh7+ Ke8 48. e6 Bc8 49. Rh8+ Ke7 50. Rxc8 Rf1+ 51. Ke4 Re1+ 52. Kd4 Rd1+ 53. Kc4 Rf1 54. Rc7+ Kf6 55. Rf7+ Kg6 56. Rxf1 1-0


[Site "https://www.chess.com"]

[Event "Titled Tuesday Blitz December 27 Early 2022"]
[White "Petrovic, Aleksa"]
[Black "Savic, Miroslav"]
[WhiteFideId "967629"]
[BlackFideId "14508494"]
[WhiteElo "2332"]
[BlackElo "2167"]
[Result "1-0"]
[Round "04"]
[TimeControl "180+2"]
[Date "2022.12.27"]
[WhiteClock "0:00:12"]
[BlackClock "0:00:02"]

1. d4 Nf6 2. c4 e6 3. Nf3 Bb4+ 4. Bd2 a5 5. g3 b6 6. Bg2 Bb7 7. O-O Bxd2 8. Qxd2 O-O 9. Nc3 d6 10. Rac1 Qe7 11. Rfd1 Nbd7 12. Qg5 h6 13. Qh4 Rfe8 14. Nb5 Nf8 15. Qf4 Ng6 16. Qd2 Ne4 17. Qe1 f5 18. Nd2 Rf8 19. Nc3 Nxc3 20. Bxb7 Nxd1 21. Bxa8 Nxf2 22. Qxf2 Rxa8 23. c5 bxc5 24. dxc5 d5 25. Nf3 Qf6 26. Nd4 e5 27. Nxf5 Rf8 28. Rf1 Kh7 29. Ne3 Qc6 30. Nf5 d4 31. h4 Qxc5 32. Qf3 e4 33. Qxe4 Qe5 34. Qd3 c5 35. h5 Nf4 36. Rxf4 1-0


[Site "https://www.chess.com"]

[Event "Titled Tuesday Blitz December 27 Early 2022"]
[White "Piesik, Piotr"]
[Black "Yeritsyan, Hayk"]
[WhiteFideId "1136194"]
[BlackFideId "13307320"]
[WhiteElo "2426"]
[BlackElo "2241"]
[Result "1-0"]
[Round "04"]
[TimeControl "180+2"]
[Date "2022.12.27"]
[WhiteClock "0:00:33"]
[BlackClock "0:00:01"]

1. Nf3 Nf6 2. g3 g6 3. Bg2 Bg7 4. O-O O-O 5. d4 d6 6. Nbd2 c6 7. e4 e5 8. dxe5 dxe5 9. Qe2 Qc7 10. a4 Nbd7 11. a5 Re8 12. b3 Nc5 13. Bb2 Bg4 14. h3 Bxf3 15. Bxf3 Rad8 16. Nc4 b5 17. axb6 axb6 18. b4 Nb7 19. Ra7 Nd7 20. Bg4 h5 21. Bxd7 Rxd7 22. Qe3 b5 23. Na5 Qc8 24. h4 Nxa5 25. bxa5 Bh6 26. Qb6 Rd2 27. Bc1 Qg4 28. Bxd2 Bxd2 29. Qxc6 Rc8 30. Ra8 Rxa8 31. Qxa8+ Kg7 32. Kg2 Qe2 33. a6 Be3 34. Qd5 Bd4 35. a7 Bxa7 36. Qxe5+ Kh7 37. Qe7 Bd4 38. Qxf7+ Kh6 39. Qf3 Qxc2 40. Qf4+ Kh7 41. Qd6 Qxe4+ 42. Kh2 Be5 43. Qe7+ Kh6 44. Kg1 b4 45. Rd1 b3 46. Rd7 Qe1+ 47. Kg2 Qe4+ 48. Kh2 Bxg3+ 49. Kxg3 Qxe7 50. Rxe7 b2 51. Rb7 1-0


[Site "https://www.chess.com"]

[Event "Titled Tuesday Blitz December 27 Early 2022"]
[White "Postnikov, Artem"]
[Black "Torres Dominguez, David"]
[WhiteFideId "34153575"]
[BlackFideId "2220857"]
[WhiteElo "2197"]
[BlackElo "1994"]
[Result "0-1"]
[Round "04"]
[TimeControl "180+2"]
[Date "2022.12.27"]
[WhiteClock "0:00:10"]
[BlackClock "0:00:07"]

1. d4 e5 2. dxe5 d6 3. Nf3 Bg4 4. g3 Nc6 5. Bg2 dxe5 6. Qxd8+ Rxd8 7. c3 a5 8. a4 f6 9. O-O Bc5 10. Nbd2 Nge7 11. Nc4 Be6 12. Nfd2 Kf7 13. b3 Nd5 14. Ne4 Be7 15. Ba3 Bxa3 16. Nxa3 b6 17. Nb5 Rd7 18. Rfd1 Rhd8 19. Rd3 Nde7 20. Rxd7 Rxd7 21. Rb1 h6 22. f4 f5 23. Nf2 e4 24. Nd1 Bxb3 25. Rxb3 Rxd1+ 26. Kf2 Rd7 27. h3 h5 28. g4 hxg4 29. hxg4 g6 30. gxf5 gxf5 31. c4 Nd4 32. Rh3 Nxb5 33. cxb5 Rd4 34. Rh7+ Ke6 35. Rh6+ Kd7 36. Bh3 Rxa4 37. Rh7 Kd6 38. Rh6+ Kc5 39. Rh7 Nd5 40. Bxf5 e3+ 41. Kg3 Rd4 42. Be6 Nxf4 43. Rxc7+ Kxb5 44. Bd7+ Kb4 45. Kf3 Nd5 46. Rb7 Rf4+ 47. Kg3 Rf6 48. Ra7 Nc3 49. Bg4 a4 50. Kh4 a3 51. Kg5 Rd6 52. Kf4 Nd5+ 53. Ke5 Rd8 54. Be6 Nc3 55. Kf4 Nxe2+ 56. Kxe3 Nc3 57. Ra6 b5 58. Bf7 Rd7 59. Bg8 a2 60. Bxa2 Nxa2 61. Rxa2 Kb3 62. Ra8 b4 63. Ra7 Rxa7 0-1


[Site "https://www.chess.com"]